 Dungeon Crawl Stone Soup version 0.31.0-11-ge490571c62 (webtiles) character file.

Game seed: 10680034542460163721

53 Derpghoster the Ruffian (level 3, -1/26 HPs)
             Began as a Gnoll Shapeshifter on Jan 30, 2024.
             Slain by a goblin
             ... wielding a +0 dagger
             ... led by Robin
              (6 damage)
             ... on level 3 of the Dungeon.
             The game lasted 00:08:31 (1789 turns).

Derpghoster the Ruffian (Gnoll Shapeshifter)        Turns: 1789, Time: 00:08:32

Health: -1/26      AC:  1    Str: 13    XL:     3   Next: 87%
Magic:  4/4        EV: 17    Int: 11    God:
Gold:   142        SH:  0    Dex: 11    Spells: 3/4 levels left

rFire   . . .        h - melded +1 dagger (speed)
rCold   . . .        (shield currently unavailable)
rNeg    . . .        n - melded +0 robe {Will+}
rPois   .            (no helmet)
rElec   .            j - +0 cloak
rCorr   .            (no gloves)
SInv    .            (no boots)
Will    .....        (no amulet)
Stlth   +            (no ring)
HPRegen 0.24/turn    (no ring)
MPRegen 0.09/turn

%: no passive effects
@: flux-form, glowing
A: glow, contaminating, reduced hp, fangs 1, strong nose, distributed training
a: Begin Untransformation


You were on level 3 of the Dungeon.
You were something dangerously unstable.
You visited 1 branch of the dungeon, and saw 3 of its levels.

You collected 142 gold pieces.

Inventory:

Hand Weapons
 h - a +1 dagger of speed (melded)
Armour
 a - a +0 animal skin
 j - a +0 cloak (worn)
 m - a +0 kite shield
 n - a +0 robe of willpower (melded)
Jewellery
 f - a ring of willpower
 l - a +6 ring of strength
 o - a ring of see invisible
Talismans
 c - a beast talisman
 d - a flux talisman (active)
Wands
 q - a wand of paralysis (5)
Scrolls
 p - a scroll of identify
Potions
 b - a potion of lignification
 e - a potion of enlightenment
 g - 2 potions of curing
 i - a potion of mutation {unknown}
 k - a potion of attraction {unknown}


   Skills:
 + Level 2.7 Fighting
 + Level 1.0 Short Blades
 + Level 1.0 Long Blades
 + Level 1.0 Axes
 + Level 1.0 Maces & Flails
 + Level 1.0 Polearms
 + Level 1.0 Staves
 + Level 1.0 Ranged Weapons
 + Level 1.0 Throwing
 + Level 1.0 Armour
 + Level 4.6 Dodging
 + Level 1.0 Stealth
 + Level 1.0 Shields
 + Level 6.5 Unarmed Combat
 + Level 1.0 Spellcasting
 + Level 0.7 Conjurations
 + Level 0.7 Hexes
 + Level 0.7 Summonings
 + Level 0.7 Necromancy
 + Level 0.7 Translocations
 + Level 0.7 Fire Magic
 + Level 0.7 Ice Magic
 + Level 0.7 Air Magic
 + Level 0.7 Earth Magic
 + Level 0.7 Alchemy
 + Level 1.1 Invocations
 + Level 1.0 Evocations
 + Level 6.5 Shapeshifting


You had 3 spell levels left.
You knew the following spells:

 Your Spells              Type           Power      Damage    Failure   Level
a - Necrotise             Necr           8%         1d4       24%         1

Your spell library contained the following spells:

 Spells                   Type           Power      Damage    Failure   Level
 Apportation              Tloc           4%         N/A       24%         1
 Magic Dart               Conj           8%         1d3       24%         1
 Sting                    Conj/Alch      8%         1d3       24%         1
 Summon Small Mammal      Summ           8%         N/A       24%         1
 Cigotuvi's Dreadful Rot  Necr/Alch/Air  4%         N/A       34%         2
 Searing Ray              Conj           4%         2d4       34%         2
 Fulminant Prism          Conj/Alch      1%         3d5       93%         4
 Ignite Poison            Fire/Alch      2%         N/A       93%         4
 Freezing Cloud           Conj/Ice/Air   1%         6-21      100%        5


Dungeon Overview and Level Annotations

Branches:
Dungeon (3/15)

Altars:

Annotations:
D:3 Robin


Innate Abilities, Weirdness & Mutations

You are something dangerously unstable.
You glow with magical radiation, making you easy to see and hit.
Foes you strike become dangerously contaminated with magical radiation.
Your maximum health is decreased, since you lack skill for your form.
You are incapable of wielding weapons or throwing items.
You have very sharp teeth.
Your uncanny sense of smell can sniff out nearby items.
Your experience applies equally to all skills.


Message History

You bite the goblin, but do no damage. The bat hits you but does no damage.
The goblin completely misses you. The goblin barely misses you.
The goblin hits you with a +0 dagger.
You hit the goblin.
You kill the goblin!
The bat hits you but does no damage. The goblin closely misses you.
The goblin misses you. The goblin hits you with a +0 dagger.
You hit the bat.
You kill the bat!
The goblin barely misses you.
The goblin hits you with a +0 dagger. x2
It was a potion of curing.
You feel better. The goblin misses you. The goblin hits you with a +0 club.
The goblin closely misses you. The goblin misses you.
Robin throws the goblin at you! The goblin barely misses you.
A dart slug comes into view.
You hit the goblin.
You kill the goblin!
The goblin hits you but does no damage. The goblin misses you.
You miss the goblin. The goblin barely misses you.
The goblin hits you but does no damage. The goblin barely misses you.
The goblin completely misses you. The goblin closely misses you.
You hit the goblin.
You kill the goblin!
The goblin completely misses you. The goblin hits you with a +0 club.
The goblin closely misses you.
You closely miss the goblin. The goblin barely misses you.
The goblin hits you with a +0 club.
You barely miss the goblin. The goblin completely misses you.
The goblin misses you. The goblin hits you with a +0 dagger.
The goblin misses you.
As you read the scroll labelled KASAK YWEU, it crumbles to dust.
It is a scroll of identify.
e - a potion of enlightenment The goblin completely misses you.
The goblin barely misses you.
The goblin hits you with a +0 dagger. x2
* * * LOW HITPOINT WARNING * * *
Robin roars a battlecry!
The goblins go into a battle-frenzy!
The goblin hits you with a +0 dagger.
You die...

. #.##..# #>#.# #.##.##
#.#.# #.##.# #.#.#
####....# #...##
#.....### ##...###
#...##.## #.....# #.#
#..# #.....# # ##g##
#.....#
#.#####pg#########.....#
.....gggg..............#
..###.ggg...#######....#
#..w....# #....# ∆
#.......# #....#
#.......# #<...#
........# ###....# ∆
##.......# #.......
#.......# #.......


You could see Robin, a dart slug and 8 goblins.

Vanquished Creatures
  An adder (D:2)
  2 dart slugs (D:2)
  A ribbon worm (D:2)
  An orc (D:3)
  2 endoplasms
  4 goblins
  4 hobgoblins
  3 jackals (D:1)
  3 kobolds
  A quokka (D:2)
  2 ball pythons (D:1)
  5 bats
  4 frilled lizards
  3 rats
36 creatures vanquished.

Notes
Turn   | Place    | Note
-------+----------+-------------------------------------------
     0 | D:1      | Derpghoster the Gnoll Shapeshifter began the quest for the
                  | Orb.
     0 | D:1      | Reached XP level 1. HP: 17/17 MP: 1/1
   138 | D:1      | Reached XP level 2. HP: 2/23 MP: 2/2
   582 | D:1      | Learned a level 1 spell: Necrotise
   883 | D:2      | Reached XP level 3. HP: 17/28 MP: 3/3
  1062 | D:2      | Reached skill level 1 in Invocations
  1391 | D:2      | Reached skill level 1 in Short Blades
  1391 | D:2      | Reached skill level 1 in Long Blades
  1391 | D:2      | Reached skill level 1 in Axes
  1391 | D:2      | Reached skill level 1 in Maces & Flails
  1391 | D:2      | Reached skill level 1 in Polearms
  1391 | D:2      | Reached skill level 1 in Staves
  1391 | D:2      | Reached skill level 1 in Ranged Weapons
  1391 | D:2      | Reached skill level 1 in Throwing
  1391 | D:2      | Reached skill level 1 in Armour
  1391 | D:2      | Reached skill level 1 in Stealth
  1391 | D:2      | Reached skill level 1 in Shields
  1391 | D:2      | Reached skill level 1 in Spellcasting
  1391 | D:2      | Reached skill level 1 in Evocations
  1777 | D:3      | Noticed Robin
  1789 | D:3      | Slain by a goblin

Illustrated notes

Levels and vault maps discovered:
D:1:      dpeg_arrival_water_temple_mockup, layout_basic
D:2:      layout_loops_ring, serial_aquarium, aquarium_bridge_island_small
          [aquarium_subvault_small_open, aquarium_subvault_wall,
          aquarium_subvault_wall, aquarium_subvault_bridge,
          aquarium_subvault_bridge], aquarium_bridge_long_separate
          [aquarium_subvault_bridge, aquarium_subvault_wall,
          aquarium_subvault_balcony, aquarium_subvault_bridge,
          aquarium_subvault_bridge, aquarium_subvault_balcony],
          aquarium_window_fake, aquarium_window_fake, aquarium_view_2d,
          serial_bayou_crossing
D:3:      layout_rooms, uniq_robin

Skill      XL: |  1  2  3 |
---------------+----------+-----
Invocations    | 1 |  1.1
Short Blades   | 1 |  1.0
Long Blades    | 1 |  1.0
Axes           | 1 |  1.0
Maces & Flails | 1 |  1.0
Polearms       | 1 |  1.0
Staves         | 1 |  1.0
Ranged Weapons | 1 |  1.0
Throwing       | 1 |  1.0
Armour         | 1 |  1.0
Stealth        | 1 |  1.0
Shields        | 1 |  1.0
Spellcasting   | 1 |  1.0
Evocations     | 1 |  1.0
Fighting       | |  2.7
Dodging        | |  4.6
Unarmed Combat | |  6.5
Conjurations   | |  0.7
Hexes          | |  0.7
Summonings     | |  0.7
Necromancy     | |  0.7
Translocations | |  0.7
Fire Magic     | |  0.7
Ice Magic      | |  0.7
Air Magic      | |  0.7
Earth Magic    | |  0.7
Alchemy        | |  0.7
Shapeshifting  | |  6.5

Action                     || total
---------------------------++-------
  Melee: Dagger            ||    73
         Unarmed           ||    20
         Bite              ||     4
         Punch             ||     1
   Cast: Necrotise         ||     1
    Use: Scroll            ||     2
         Potion            ||     1
   Stab: Sleeping          ||     2
         Distracted        ||     1
 Armour: Animal skin       ||    26
         Robe              ||    13
         Skin              ||    20
  Dodge: Dodged            ||    87
   Form: Beast             ||     2
                           ||     1
         Flux              ||     1
